 Dungeon Crawl Stone Soup version 0.30.1-9-gdf580d7c3d (webtiles) character file.

Game seed: 9673637423890776301

5605 Cheops the Arsonist (level 10, -25/75 HPs)
             Began as a Naga Fire Elementalist on Oct 13, 2023.
             Was a Priest of Cheibriados.
             Hit by a large rock thrown by a cyclops (36 damage)
             ... on level 9 of the Dungeon on Oct 14, 2023.
             The game lasted 00:37:02 (12071 turns).

Cheops the Arsonist (Naga Fire Elementalist)       Turns: 12071, Time: 00:37:02

Health: -25/75     AC: 10    Str: 19    XL:     10   Next: 73%
Magic:  7/14       EV: 15    Int: 28    God:    Cheibriados [***...]
Gold:   612        SH:  9    Dex: 24    Spells: 5/15 levels left

rFire   + . .        a - +7 short sword of the Summoning Traitor {vamp, rC- Will+ Dex+5}
rCold   x . .        w - +3 buckler
rNeg    . . .        I - +2 robe {rC+}
rPois   +            i - +1 helmet
rElec   .            k - +0 cloak
rCorr   +            G - +0 pair of gloves
SInv    +            (no barding)
Will    ++...        (no amulet)
Stlth   +++          n - +5 ring of evasion
HPRegen 0.32/turn    B - ring "Odalov" {Fire rCorr}
MPRegen 0.14/turn

%: no passive effects
@: lethally poisoned (-25 -> -32), very slow
A: AC +3, large, see invisible, deformed body, poison resistance, slowness 2,
spit poison 1, naga tail 1
a: Spit Poison, Renounce Religion, Bend Time, Temporal Distortion


You were on level 9 of the Dungeon.
You worshipped Cheibriados.
Cheibriados was most pleased with you.
You visited 1 branch of the dungeon, and saw 9 of its levels.
You also visited: Bailey.

You collected 612 gold pieces.

Inventory:

Hand Weapons
 a - the +7 short sword of the Summoning Traitor (weapon) {vamp, rC- Will+ Dex+5}
   (You found it on level 2 of the Dungeon)

   Dex:       It affects your dexterity (+5).
   rC:        It makes you vulnerable to cold.
   Will:      It increases your willpower.
 b - the +11 whip "Zuloc" {venom, Int+2 Stlth+}
   (You found it on level 7 of the Dungeon)

   Int:       It affects your intelligence (+2).
   Stlth:     It makes you more stealthy.
 c - a +2 rapier of holy wrath
 d - a +2 short sword of electrocution
Armour
 i - a +1 helmet (worn)
 k - a +0 cloak (worn)
 p - a +0 robe
 w - a +3 buckler (worn)
 G - a +0 pair of gloves (worn)
 I - a +2 robe of cold resistance (worn)
Magical Staves
 F - a staff of air
Jewellery
 n - a +5 ring of evasion (left hand)
 q - a ring of flight
 B - the ring "Odalov" (right hand) {Fire rCorr}
   (You acquired it on level 6 of the Dungeon)

   [ring of fire]

   It enhances your fire magic.
   rF:        It protects you from fire.
   rC:        It makes you vulnerable to cold.
   rCorr:     It protects you from acid and corrosion.
Wands
 s - a wand of light (6)
 A - a wand of paralysis (4)
 E - a wand of roots (11)
Scrolls
 e - a scroll of immolation
 g - 3 scrolls of teleportation
 l - 6 scrolls of enchant weapon
 m - 2 scrolls of amnesia
 u - a scroll of magic mapping
 v - a scroll of vulnerability
 z - a scroll of blinking
 J - a scroll of poison {unknown}
Potions
 f - 3 potions of might {unknown}
 h - 7 potions of curing {unknown}
 j - 6 potions of attraction
 o - a potion of brilliance
 r - 2 potions of heal wounds
 x - a potion of lignification
 y - a potion of magic
 C - 5 potions of flight
 H - 2 potions of cancellation {unknown}
Miscellaneous
 D - a condenser vane


   Skills:
 - Level 2.2 Short Blades
 - Level 2.0 Maces & Flails
 - Level 1.5 Dodging
 - Level 3.0 Stealth
 - Level 3.0 Shields
 - Level 3.0 Spellcasting
 + Level 9.8 Conjurations
 - Level 10.0 Fire Magic
 - Level 6.1 Invocations


You had 5 spell levels left.
You knew the following spells:

 Your Spells              Type           Power      Damage    Failure   Level
a - Foxfire               Conj/Fire      100%       2x1d9     1%          1
b - Scorch                Fire           100%       2d9       1%          2
v - Volatile Blastmotes   Fire/Tloc      96%        2d18      4%          3
w - Flame Wave            Conj/Fire      74%        2d16      1%          4

Your spell library contained the following spells:

 Spells                   Type           Power      Damage    Failure   Level
 Inner Flame              Hex/Fire       48%        N/A       4%          3
 Slow                     Hex            16%        N/A       11%         1
 Confusing Touch          Hex            4%         N/A       30%         3
 Vampiric Draining        Necr           4%         2d6       30%         3
 Shatter                  Erth           2%         3d6*      100%        9


Dungeon Overview and Level Annotations

Branches:
Dungeon (9/15)             Temple (0/1) D:6          Bailey (visited)
   Lair: D:8-11         Orc: D:9-12

Altars:
Ashenzari
Cheibriados
Elyvilon
Fedhas
Hepliaklqana
Makhleb
Qazlal
Ru
Xom
Yredelemnul
The Shining One

Portals:
Abyss: D:5

Annotations:
D:5 2 transporters, Ekaitz's ghost, novice TeAE
D:8 1 runed translucent door, Bosh's ghost, novice HOFi
D:9 Amaemon; Psyche


Innate Abilities, Weirdness & Mutations

Your serpentine skin is tough. (AC +3)
You have supernaturally acute eyesight. (SInv)
Armour fits poorly on your strangely shaped body.
Your system is resistant to poisons. (rPois)
You cover ground very slowly.
You can spit poison.
You have a snake-like lower body.


Message History

The flame wave engulfs the warg!!
You kill the warg!
Cheibriados appreciates the change of pace.
You finish channelling waves of flame.
You hear a roar!
You hear a shout!
You block Amaemon's attack. Amaemon claws you but does no damage.
Amaemon tail-slaps you but does no damage.
Casting: Flame Wave (dangerous; 1% risk of failure)
Confirm with . or Enter, or press ? or * to list all spells.
You feel a surge of power!
Flames lash the orange demon.
The orange demon is lightly wounded.
The orange demon's fire resistance burns away.
You hear a roar!
An orc priest comes into view. It is wielding a +0 falchion.
You block Amaemon's attack. Amaemon claws you but does no damage.
You block Amaemon's attack.
As you read the scroll of teleportation, it crumbles to dust.
You feel strangely unstable.
Amaemon hits you with a -1 demon whip of venom!
* * * LOW HITPOINT WARNING * * *
You are poisoned.
You block Amaemon's attack.
Amaemon tail-slaps you but does no damage.
The orange demon misses you.
You feel extremely sick. You block Amaemon's attack.
Amaemon claws you but does no damage. Amaemon barely misses you.
The orange demon stings you but does no damage.
Amaemon attacks as you move away!
Amaemon hits you with a -1 demon whip of venom!
* * * LOW HITPOINT WARNING * * *
Amaemon claws you but does no damage. Amaemon misses you.
Your surroundings suddenly seem different.
Found 18 gold pieces.
You feel very sick.
The cyclops shouts!
The orc priest shouts!
The cyclops throws a large rock.
The large rock hits you!
* * * LOW HITPOINT WARNING * * *
The cyclops throws a large rock.
The large rock hits you!!!
You die...

#.#
#.......)...........#
#.#
#...................#
#.#
#..........#######..#
#@# #..........# #..#
#..........# #..#
#.....C....# #..#
#..........# #..#
#..........# #..#
#...@......# #..#
#...o......# #..#
#..........# #..#
#..........# #..#
#..........# #..6
...........# #...
#...........# #...
#$..........# #...
#..o


You could see a cyclops and an orc priest.

Vanquished Creatures
  Harold (D:8)
  A two-headed ogre (D:8)
  Grinder (D:3)
  A wyvern (D:7)
  Grum (D:8)
  A steam dragon (D:8)
  2 wargs (D:9)
  A water moccasin (D:7)
  A black bear (D:6)
  2 ice beasts (D:5)
  5 orc warriors (Bailey)
  2 ogres
  2 wolves (D:8)
  3 centaurs
  Blork the orc (D:6)
  A kobold brigand (D:8)
  2 bullfrogs
  2 scorpions
  3 wights (D:8)
  6 killer bees
  A crimson imp (D:8)
  2 jellies
  4 orc priests
  Crazy Yiuf (D:2)
  5 hounds
  6 iguanas
  5 sleepcaps
  Ijyb (D:5)
  2 gnoll boudas
  8 orc wizards
  Terence (D:3)
  18 gnolls
  3 adders
  3 white imps
  An ufetubus (D:5)
  2 worms (D:4)
  5 dart slugs
  24 orcs
  5 ball pythons
  5 bats
  3 endoplasms
  2 giant cockroaches
  9 hobgoblins
  3 jackals
  21 kobolds
  6 quokkas
  A frilled lizard (D:2)
  9 goblins
  A goblin zombie (D:8)
  3 hobgoblin zombies (D:8)
  2 kobold skeletons (D:8)
  A kobold zombie (D:8)
  An orc skeleton (D:8)
  2 orc zombies (D:8)
  3 rats
208 creatures vanquished.

Vanquished Creatures (others)
  528 foxfires
528 creatures vanquished.

Grand Total: 736 creatures vanquished

Notes
Turn   | Place    | Note
-------+----------+-------------------------------------------
     0 | D:1      | Cheops the Naga Fire Elementalist began the quest for the
                  | Orb.
     0 | D:1      | Reached XP level 1. HP: 15/15 MP: 3/3
   131 | D:1      | Reached XP level 2. HP: 22/22 MP: 0/5
   769 | D:1      | Reached XP level 3. HP: 25/28 MP: 3/7
  1292 | D:1      | Learned a level 2 spell: Scorch
  1612 | D:2      | Reached XP level 4. HP: 11/36 MP: 4/8
  1970 | D:2      | Identified the +7 short sword of the Summoning Traitor
                  | {vamp, rC- Will+ Dex+5}
  2441 | D:2      | Found a runed translucent door.
  2442 | D:2      | Noticed Crazy Yiuf
  2641 | D:2      | Killed Crazy Yiuf
  2642 | D:2      | Reached XP level 5. HP: 42/42 MP: 2/9
  2848 | D:3      | Noticed Terence
  2858 | D:3      | Killed Terence
  3254 | D:3      | Reached skill level 4 in Fire Magic
  3664 | D:3      | Noticed Grinder
  3680 | D:3      | Killed Grinder
  3681 | D:3      | Reached skill level 5 in Fire Magic
  3681 | D:3      | Reached XP level 6. HP: 37/49 MP: 1/10
  3766 | D:4      | Reached skill level 5 in Conjurations
  3766 | D:4      | Reached XP level 7. HP: 55/55 MP: 6/11
  4061 | D:4      | Found a large runed translucent door.
  4062 | D:4      | Found a large runed translucent door.
  4149 | D:4      | Found a stormy altar of Qazlal.
  5022 | D:4      | Reached skill level 6 in Fire Magic
  5150 | D:4      | Found a broken altar of Ashenzari.
  5158 | D:4      | Found a white marble altar of Elyvilon.
  5251 | D:5      | Entered Level 5 of the Dungeon
  5440 | D:5      | Found a transporter.
  5549 | D:5      | Found a transporter.
  5596 | D:5      | Reached XP level 8. HP: 62/62 MP: 8/12
  5603 | D:5      | Noticed Ekaitz's ghost (novice TeAE)
  5626 | D:5      | Found a one-way gate to the infinite horrors of the Abyss.
  5635 | D:5      | Reached skill level 7 in Fire Magic
  5640 | D:5      | Learned a level 4 spell: Flame Wave
  5723 | D:5      | Reached skill level 1 in Shields
  5944 | D:5      | Noticed Ijyb
  5954 | D:5      | Killed Ijyb
  6258 | D:5      | Noticed a small abomination
  6818 | D:6      | Found a snail-covered altar of Cheibriados.
  6821 | D:6      | Became a worshipper of Cheibriados the Contemplative
  6824 | D:6      | Found a basalt altar of Yredelemnul.
  6918 | D:6      | Found a staircase to the Ecumenical Temple.
  7105 | D:6      | Identified a scroll of acquirement
  7106 | D:6      | Acquired the ring "Odalov" {Fire rCorr}
  7145 | D:6      | Found a sacrificial altar of Ru.
  7250 | D:6      | Noticed Blork the orc
  7256 | D:6      | Killed Blork the orc
  7629 | D:6      | Found a burning altar of Makhleb.
  7629 | D:6      | Noticed a green death
  7857 | D:7      | Found a flagged portal.
  7871 | Bailey   | Entered a bailey
  7919 | Bailey   | Reached * piety under Cheibriados
  7932 | Bailey   | Reached XP level 9. HP: 48/68 MP: 1/13
  8058 | Bailey   | Reached skill level 5 in Invocations
  8597 | Bailey   | Got Gahoh's Spellwork, Part Nine
  8917 | D:7      | Reached ** piety under Cheibriados
  8920 | D:7      | Reached skill level 8 in Fire Magic
  9052 | D:7      | Found a blossoming altar of Fedhas.
  9109 | D:7      | Identified the +11 whip "Zuloc" {venom, Int+2 Stlth+}
  9612 | D:7      | Reached skill level 1 in Short Blades
 10133 | D:8      | Noticed Grum
 10139 | D:8      | Reached skill level 1 in Maces & Flails
 10150 | D:8      | Killed Grum
 10285 | D:8      | Reached XP level 10. HP: 70/75 MP: 6/14
 10460 | D:8      | Reached *** piety under Cheibriados
 10514 | D:8      | Found a glowing golden altar of the Shining One.
 11051 | D:8      | Found a hazy altar of Hepliaklqana.
 11117 | D:8      | Noticed a two-headed ogre
 11125 | D:8      | Killed a two-headed ogre
 11126 | D:8      | Reached skill level 9 in Fire Magic
 11305 | D:8      | Found a runed translucent door.
 11305 | D:8      | Found a shimmering altar of Xom.
 11305 | D:8      | Noticed Bosh's ghost (novice HOFi)
 11306 | D:8      | Noticed a +2 rapier of chaos
 11512 | D:8      | Learned a level 3 spell: Volatile Blastmotes
 11543 | D:9      | Noticed Harold
 11548 | D:9      | Noticed Amaemon
 11571 | D:8      | Killed Harold
 11572 | D:8      | Reached skill level 10 in Fire Magic
 11812 | D:9      | Noticed Psyche
 11861 | D:9      | Noticed a cyclops
 12063 | D:9      | Noticed an orange demon
 12071 | D:9      | Hit by a large rock thrown by a cyclops

Illustrated notes

Levels and vault maps discovered:
D:1:      dpeg_arrival_tiny_k, layout_basic
D:2:      layout_basic, serial_park_tiny_2, uniq_crazy_yiuf_cottage
D:3:      layout_loops_ring, uniq_terence, uniq_grinder
D:4:      layout_cave_pods, mainiacjoe_overflow_alcove_1, jmf_multi_god_temple2,
          st_stairs_4
D:5:      layout_gridville, gammafunk_ghost_abyssal_escape, uniq_ijyb
D:6:      layout_loops_corners, makhleb_altar_promises_db,
          lemuel_coloured_pillars_altar, minitemple, minmay_temple_entry_arrows,
          uniq_blork_the_orc
D:7:      layout_loops_ring, fedhas_altar_2, enter_bailey_2
D:8:      layout_basic, worldfamousw_hep_ancestral_shrine,
          nicolae_tso_besieged_by_evil, ebering_ghost_xom, glass_columns_b,
          uniq_grum
D:9:      layout_long_grid, erik_lair_orcish_takeover,
          minmay_misc_feat_ornament, dk_vineyard_3, uniq_amaemon, uniq_psyche,
          uniq_harold

Skill      XL: |  1  2  3  4  5  6  7  8  9 10 |
---------------+-------------------------------+-----
Spellcasting   | 3 |  3.0
Conjurations   | 2 4 5 6 7 8 9 |  9.8
Fire Magic     | 5 6 7 8 10 | 10.0
Shields        | 3 |  3.0
Invocations    | 4 6 |  6.1
Short Blades   | 2 |  2.2
Maces & Flails | 2 |  2.0
Dodging        | |  1.5
Stealth        | |  3.0

Action                     |  1- 3 |  4- 6 |  7- 9 | 10-12 || total
---------------------------+-------+-------+-------+-------++-------
  Melee: Dagger            |    10 |     2 |       |       ||    12
         Unarmed           |     1 |       |       |       ||     1
         Short sword       |       |     8 |    69 |    28 ||   105
         Whip              |       |       |       |     6 ||     6
   Cast: Foxfire           |    39 |    41 |   175 |    50 ||   305
         Scorch            |     3 |    18 |    56 |    11 ||    88
         Flame Wave        |       |       |     5 |     7 ||    12
Ability: Spit Poison       |     4 |     2 |     2 |       ||     8
    Use: Scroll            |       |       |    18 |     5 ||    23
   Stab: Sleeping          |       |       |     1 |       ||     1
 Armour: Robe              |     3 |     6 |    29 |    26 ||    64
  Dodge: Dodged            |     7 |    10 |   100 |    86 ||   203
  Block: Buckler           |       |       |    44 |    46 ||    90
